 Dungeon Crawl Stone Soup version 0.31-a0-431-g88bdf31460 (webtiles) character file.

Game seed: 275784808821446774

107 randomguy2701 the Trooper (level 4, -13/41 HPs)
             Began as a Minotaur Fighter on July 31, 2023.
             Killed from afar by a steam dragon (28 damage)
             ... with a ball of steam
             ... on level 3 of the Dungeon.
             The game lasted 00:01:48 (2490 turns).

randomguy2701 the Trooper (Minotaur Fighter)        Turns: 2490, Time: 00:01:48

Health: -13/41     AC:  7    Str: 21    XL:     4   Next: 57%
Magic:  3/3        EV: 14    Int:  5    God:
Gold:   154        SH:  9    Dex: 11    Spells: 3/3 levels left

rFire   . . .        a - +0 war axe
rCold   + + +        c - +0 buckler
rNeg    . . .        b - +0 scale mail
rPois   .            (helmet restricted)
rElec   .            (no cloak)
rCorr   .            (no gloves)
SInv    +            (no boots)
Will    .....        e - amulet of reflection
Stlth   +            p - ring of Qamiug {rC+++ EV+5 Slay-6 SInv Stlth+}
HPRegen 0.26/turn    (no ring)
MPRegen 0.08/turn

%: reflection
@: no status effects
A: horns 2, retaliatory headbutt
a: no special abilities


You were on level 3 of the Dungeon.
You visited 1 branch of the dungeon, and saw 3 of its levels.

You collected 154 gold pieces.

Inventory:

Hand Weapons
 a - a +0 war axe (weapon)
Armour
 b - a +0 scale mail (worn)
 c - a +0 buckler (worn)
Jewellery
 e - an amulet of reflection (around neck)
 p - the ring of Qamiug (left hand) {rC+++ EV+5 Slay-6 SInv Stlth+}
   (You found it on level 3 of the Dungeon)

   [ring of evasion]

   EV:        It affects your evasion (+5).
   Slay:      It affects your accuracy & damage with ranged weapons and melee
   (-6).
   rC:        It renders you almost immune to cold.
   SInv:      It lets you see invisible.
   Stlth:     It makes you more stealthy.
 q - a ring of fire
Scrolls
 f - a scroll of immolation {unknown}
 g - a scroll of enchant weapon {unknown}
 i - a scroll of teleportation {unknown}
 j - 2 scrolls of identify {unknown}
 l - a scroll of fear {unknown}
 o - 2 scrolls of amnesia {unknown}
Potions
 d - a potion of might
 h - 2 potions of heal wounds {unknown}
 k - a potion of cancellation {unknown}
 m - a potion of enlightenment {unknown}
 n - 2 potions of brilliance {unknown}
 r - a potion of curing {unknown}


   Skills:
 + Level 4.6 Fighting
 + Level 3.5 Axes
 + Level 4.4 Armour
 + Level 1.1 Dodging
 + Level 0.1 Stealth
 + Level 4.1 Shields


You had 3 spell levels left.
You didn't know any spells.
Your spell library contained the following spells:

 Spells                   Type           Power      Damage    Failure   Level
 Apportation              Tloc           0%         N/A       86%         1
 Blink                    Tloc           0%         N/A       95%         2
 Manifold Assault         Tloc           0%         N/A       100%        4
 Alistair's Intoxication  Tmut/Pois      0%         N/A       100%        5


Dungeon Overview and Level Annotations

Branches:
Dungeon (3/15)

Altars:
Kikubaaqudgha
Okawaru
Wu Jian

Annotations:
D:3 1 runed translucent door, SevenDeadlySins's ghost, amateur NaSh


Innate Abilities, Weirdness & Mutations

You have a pair of horns on your head.
You reflexively headbutt those who attack you in melee.


Message History

No target in view!
You see here a +0 war axe.
SevenDeadlySins's ghost says, "They lied to you.
The Dungeon just goes down and down forever."
SevenDeadlySins's ghost makes a sound of rattling chains.
As you open the door, it creaks loudly!
You hear a shout!
A goblin comes into view. It is wielding a +0 dagger.
Found 16 gold pieces.
Found an ancient bone altar of Kikubaaqudgha.
A goblin is nearby!
A goblin is nearby!
You closely miss the goblin. You block the goblin's attack.
A goblin is nearby!
You closely miss the goblin. Your headbutt misses the goblin.
The goblin hits you with a +0 dagger. The goblin misses you.
A goblin is nearby!
You barely miss the goblin.
A steam dragon comes into view.
You block the goblin's attack.
There are monsters nearby!
You slash the goblin!
You kill the goblin!
The steam dragon breathes steam at you. The ball of steam misses you.
You barely miss the steam dragon.
You are engulfed in a cloud of scalding steam.
The steam dragon closely misses you. You block the steam dragon's attack.
You're standing in a cloud of steam!
You closely miss the steam dragon.
You are engulfed in a cloud of scalding steam.
The steam dragon bites you but does no damage.
The steam dragon claws you but does no damage.
The steam dragon attacks as you move away!
The steam dragon bites you but does no damage.
The steam dragon closely misses you.
The steam dragon attacks as you move away!
The steam dragon bites you! The steam dragon closely misses you.
The steam dragon breathes steam at you. The ball of steam hits you!!
Ouch! That really hurt!
You die...

#. ########......... #.
##.#...### #. #...)).##
#.###### ##...)...# ... ..#
#....).... ..#####)# #.#
##.......# _....$'.# #.#
##.....## ..#####D###.#
##...##
#.....ยง@..#########.##
....#....##.......# #.# .#
#######..####.# #.####
##.....####.###..... .
##.......##...#######
....######...#+#.............#
#..........##W##......#####..
#####.#...##...##....### ###
#.#..##.....##.....# #


You could see a steam dragon (catching breath).

Vanquished Creatures
  An orc priest (D:3)
  An adder (D:2)
  2 worms
  3 dart slugs (D:1)
  5 orcs (D:3)
  3 ball pythons
  3 endoplasms
  4 giant cockroaches
  7 goblins
  4 hobgoblins
  2 jackals (D:1)
  4 quokkas
  3 bats
  3 frilled lizards
  3 kobolds
  5 rats
53 creatures vanquished.

Vanquished Creatures (others)
  An angel (D:3)
1 creature vanquished.

Grand Total: 54 creatures vanquished

Notes
Turn   | Place    | Note
-------+----------+-------------------------------------------
     0 | D:1      | randomguy2701 the Minotaur Fighter began the quest for the
                  | Orb.
     0 | D:1      | Reached XP level 1. HP: 19/19 MP: 0/0
   105 | D:1      | Reached XP level 2. HP: 27/27 MP: 1/1
   528 | D:1      | Reached XP level 3. HP: 32/34 MP: 2/2
  1269 | D:2      | Identified the +1 pair of gloves of Lugonu, Keeping {MP+9
                  | Slay+2}
  1937 | D:3      | Reached skill level 1 in Dodging
  1940 | D:3      | Reached XP level 4. HP: 16/41 MP: 3/3
  2086 | D:3      | Identified the ring of Qamiug {rC+++ EV+5 Slay-6 SInv
                  | Stlth+}
  2135 | D:3      | Found an iron altar of Okawaru.
  2214 | D:3      | Found an ornate altar of the Wu Jian Council.
  2413 | D:3      | Found a runed translucent door.
  2413 | D:3      | Noticed SevenDeadlySins's ghost (amateur NaSh)
  2451 | D:3      | Killed an angel
  2480 | D:3      | Found an ancient bone altar of Kikubaaqudgha.
  2484 | D:3      | Noticed a steam dragon
  2490 | D:3      | Killed from afar by a steam dragon

Illustrated notes

Levels and vault maps discovered:
D:1:      scummos_arrival_gate, layout_basic
D:2:      layout_basic
D:3:      layout_loops_ring, mainiacjoe_overflow_alcove_4,
          mainiacjoe_overflow_small_starburst,
          mainiacjoe_overflow_surrounded_room,
          grunt_temple_overflow_order_and_chaos_1,
          hellmonk_ghost_happy_afterlife

Skill      XL: |  1  2  3 |
---------------+----------+-----
Fighting       | 4 |  4.6
Armour         | 4 |  4.4
Axes           | 3 |  3.5
Dodging        | 1 |  1.1
Shields        | 4 |  4.1
Stealth        | |  0.1

Action                     |  1- 3 |  4- 6 || total
---------------------------+-------+-------++-------
  Melee: War axe           |    83 |    24 ||   107
         Headbutt          |     7 |     3 ||    10
 Armour: Scale mail        |    28 |     5 ||    33
  Dodge: Dodged            |    40 |    10 ||    50
  Block: Buckler           |    33 |    11 ||    44
         Reflection        |     2 |       ||     2

Table legend: (Time is in decaauts)
 A = Elapsed time spent in this place.
 B = Non-inter-level travel time spent in this place.
 C = Inter-level travel time spent in this place.
 D = Time resting spent in this place.
 E = Time spent auto-exploring this place.
 F = Levels seen in this place.
 G = Mean time per level.
                   A        B        C        D        E       F      G
               +--------+--------+--------+--------+--------+-----+--------+
         Total |   2529 |   2473 |     56 |      0 |   2149 |   3 |  843.0 |
       Dungeon |   2529 |   2473 |     56 |      0 |   2149 |   3 |  843.0 |
               +--------+--------+--------+--------+--------+-----+--------+

Top non-repeatable levels by time:
     D:1: 1211 daAuts
     D:2: 688 daAuts
     D:3: 629 daAuts
